 Dungeon Crawl Stone Soup version 0.24.0-125-gc4c63601f3 (webtiles) character file.

Game seed: 7865006976151947999, levelgen mode: deterministic

567897 Inkhbe the Merry Centaur (level 25, -9/242 (243) HPs)
             Began as a Centaur Hunter on Feb 15, 2020.
             Was the Champion of Okawaru.
             Killed by drain life
             ... invoked by a deathcap
             ... summoned by a curse toe
              (11 damage)
             ... on level 5 of the Realm of Zot on Feb 16, 2020.
             The game lasted 03:42:21 (84728 turns).

Inkhbe the Merry Centaur (Centaur Hunter)          Turns: 84728, Time: 03:42:22

HP:   -9/242 (243)  AC: 35    Str: 35    XL:     25   Next: 55%
MP:   36/41         EV: 13    Int: 26    God:    Okawaru [******]
Gold: 3279          SH:  0    Dex: 12    Spells: 25/28 levels left

rFire    + + .     SeeInvis +   a - +10 longbow of Nulup {flame, rPois}
rCold    + . .     Gourm    .   (shield currently unavailable)
rNeg     . . .     Faith    .   E - +9 plate armour of Gluttony {Str+4}
rPois    +         Spirit   .   k - +1 helmet {SInv}
rElec    +         Reflect  .   u - scarf {rC+ rF+}
rCorr    .         Harm     .   I - +2 pair of gloves of Lioceap {Str+6 Int+4}
MR       +....                  B - +1 centaur barding {Fly}
Stlth    ..........             j - amulet of the acrobat
HPRegen  0.50/turn              l - ring "Taciot" {EV+4 Int+10 Stlth-}
MPRegen  0.27/turn              Y - ring "Ukkioh" {rElec rF+ MP+9 Int+2}

@: portal projectile, flying, hasted and slowed, lightly drained, very quick
A: large, hooves 3, deformed body, speed 2, poison resistance, tough skin 3,
wild magic 1
}: 3/15 runes: decaying, abyssal, gossamer
a: Heroism, Finesse, Renounce Religion, Cancel Portal Projectile, Stop Flying


You were on level 5 of the Realm of Zot.
You worshipped Okawaru.
Okawaru was exalted by your worship.
You were very hungry.

You visited 10 branches of the dungeon, and saw 48 of its levels.
You visited the Abyss 2 times.
You visited 1 bazaar.
You also visited: Bailey, Ice Cave and Wizlab.

You collected 6129 gold pieces.
You spent 2850 gold pieces at shops.

Inventory:

Hand Weapons
 a - the +10 longbow of Nulup (weapon) {flame, rPois}
   (Okawaru gifted it to you on level 4 of the Vaults)

   It causes projectiles fired from it to burn those they strike, causing extra
   injury to most foes and up to half again as much damage against particularly
   susceptible opponents.
   It protects you from poison.
 b - the +10 great sword of Zegraih {freeze, MR+}
   (You found it on level 15 of the Dungeon)

   It has been specially enchanted to freeze those struck by it, causing extra
   injury to most foes and up to half again as much damage against particularly
   susceptible opponents.
   It can also slow down cold-blooded creatures.
   It affects your resistance to hostile enchantments.
 L - a +2 antimagic war axe
 T - a +6 demon blade of draining
Missiles
 d - 842 arrows (quivered)
Armour
 k - a +1 helmet of see invisible (worn)
 u - a scarf of resistance (worn)
 B - a +1 centaur barding of flying (worn)
 E - the +9 plate armour of Gluttony (worn) {Str+4}
   (You bought it in a shop on level 2 of the Orcish Mines)

   It affects your strength (+4).
 I - the +2 pair of gloves of Lioceap (worn) {Str+6 Int+4}
   (You found it on level 4 of the Swamp)

   It affects your strength (+6).
   It affects your intelligence (+4).
 V - +0 gold dragon scales
Jewellery
 j - an amulet of the acrobat (around neck)
 l - the ring "Taciot" (left hand) {EV+4 Int+10 Stlth-}
   (You bought it in a shop on level 2 of the Orcish Mines)

   [ring of evasion]

   It affects your evasion (+4).
   It affects your intelligence (+10).
   It makes you less stealthy.
 Y - the ring "Ukkioh" (right hand) {rElec rF+ MP+9 Int+2}
   (You took it off a yaktaur on level 3 of the Vaults)

   [ring of magical power]

   It affects your intelligence (+2).
   It protects you from fire.
   It insulates you from electricity.
   It affects your magic capacity (+9).
Wands
 n - a wand of acid (35)
 r - a wand of disintegration (29)
 s - a wand of digging (19)
 y - a wand of iceblast (56)
 D - a wand of paralysis (57)
 J - a wand of scattershot (8)
Scrolls
 g - 18 scrolls of remove curse
 m - 11 scrolls of teleportation
 o - 13 scrolls of amnesia
 q - 7 scrolls of enchant armour
 A - 9 scrolls of blinking
 F - 18 scrolls of identify
 G - 5 scrolls of fog
 O - a scroll of immolation
 P - 2 scrolls of fear
 S - 2 scrolls of torment
 U - 2 scrolls of silence
 W - 3 scrolls of summoning
Potions
 c - 15 potions of curing
 e - 9 potions of heal wounds
 i - 6 potions of agility
 t - 5 potions of haste
 w - 2 potions of cancellation
 x - a potion of invisibility
 z - 12 potions of brilliance
 C - 4 potions of berserk rage
 K - 6 potions of ambrosia
 M - 5 potions of might
 N - 4 potions of resistance
 R - a potion of flight
 X - 2 potions of magic
Miscellaneous
 v - a phial of floods
 Z - a phantom mirror
Comestibles
 f - 65 rations


   Skills:
 + Level 23.5 Fighting
 - Level 10.0(9.9) Long Blades
 O Level 27(26.9) Bows
 - Level 12.0(11.9) Armour
 - Level 10.0(9.9) Dodging
 - Level 0.4(0.3) Stealth
 - Level 2.0(1.9) Spellcasting
 - Level 10.0(9.9) Hexes
 - Level 10.0(9.9) Translocations
 - Level 7.3 Invocations
 - Level 12.0(11.9) Evocations


You had 25 spell levels left.
You knew the following spells:

 Your Spells              Type           Power        Failure   Level  Hunger
a - Portal Projectile     Hex/Tloc       ######       4%          3    ###....

Your spell library contained the following spells:

 Spells                   Type           Power        Failure   Level  Hunger
 Confusing Touch          Hex            ######       1%          1    None
 Blink                    Tloc           N/A          2%          2    ##.....
 Confuse                  Hex            ######..     4%          3    ###....
 Gell's Gravitas          Tloc           ######....   4%          3    ###....
 Lesser Beckoning         Tloc           ######....   4%          3    ###....
 Teleport Other           Tloc           ######..     4%          3    ###....
 Cause Fear               Hex            ######....   13%         4    ####...
 Passage of Golubria      Tloc           N/A          13%         4    ####...
 Shroud of Golubria       Chrm/Tloc      #####.       16%         2    ##.....
 Inner Flame              Hex/Fire       #####...     28%         3    ###....
 Recall                   Summ/Tloc      N/A          28%         3    ###....
 Spectral Weapon          Hex/Chrm       #####...     28%         3    ###....
 Beastly Appendage        Tmut           #.....       56%         1    None
 Flame Tongue             Conj/Fire      #....        56%         1    None
 Freeze                   Ice            #...         56%         1    None
 Infusion                 Chrm           #...         56%         1    None
 Sting                    Conj/Pois      #...         56%         1    None
 Force Lance              Conj/Tloc      #####...     65%         4    ####...
 Poisonous Vapours        Pois/Air       #.....       71%         2    ##.....
 Song of Slaying          Chrm           #.......     71%         2    ##.....
 Sticks to Snakes         Tmut           #.......     71%         2    ##.....
 Throw Flame              Conj/Fire      #.....       71%         2    ##.....
 Throw Frost              Conj/Ice       #.....       71%         2    ##.....
 Dispersal                Tloc           ######....   86%         6    #######
 Conjure Flame            Conj/Fire      #.......     89%         3    ###....
 Mephitic Cloud           Conj/Pois/Air  #.......     89%         3    ###....
 Ozocubu's Armour         Chrm/Ice       #.......     89%         3    ###....
 Regeneration             Chrm/Necr      #.........   89%         3    ###....
 Spider Form              Tmut/Pois      #.........   89%         3    ###....
 Metabolic Englaciation   Hex/Ice        #####.....   92%         5    ######.
 Silence                  Hex/Air        #####.....   92%         5    ######.
 Summon Forest            Summ/Tloc      #####.....   92%         5    ######.
 Summon Mana Viper        Hex/Summ       #####...     92%         5    ######.
 Yara's Violent Unravell  Hex/Tmut       #####.....   92%         5    ######.
 Ice Form                 Ice/Tmut       #.......     99%         4    ####...
 Olgreb's Toxic Radiance  Pois           #.......     99%         4    ####...
 Petrify                  Tmut/Erth      #.......     99%         4    ####...
 Sticky Flame             Conj/Fire      #.......     99%         4    ####...
 Summon Ice Beast         Ice/Summ       #.......     99%         4    ####...
 Throw Icicle             Conj/Ice       #.......     99%         4    ####...
 Aura of Abjuration       Summ           #.........   100%        5    ######.
 Blade Hands              Tmut           #.........   100%        5    ######.
 Fireball                 Conj/Fire      #.........   100%        5    ######.
 Irradiate                Conj/Tmut      #.........   100%        5    ######.
 Summon Demon             Summ           #.........   100%        5    ######.
 Venom Bolt               Conj/Pois      #.........   100%        5    ######.
 Bolt of Cold             Conj/Ice       #.........   100%        6    #######
 Deflect Missiles         Chrm/Air       #.........   100%        6    #######
 Freezing Cloud           Conj/Ice/Air   #.........   100%        6    #######
 Hydra Form               Tmut           #.........   100%        6    #######
 Ozocubu's Refrigeration  Ice            #.........   100%        6    #######
 Shadow Creatures         Summ           N/A          100%        6    #######
 Simulacrum               Ice/Necr       #.........   100%        6    #######
 Statue Form              Tmut/Erth      #........    100%        6    #######
 Dragon Form              Tmut           #.........   100%        7    #######
 Haunt                    Necr/Summ      #.........   100%        7    #######
 Borgnjor's Revivificati  Necr           #.........   100%        8    #######
 Controlled Blink         Tloc           N/A          100%        8    #######
 Death's Door             Chrm/Necr      #.........   100%        8    #######
 Discord                  Hex            ######....   100%        8    #######
 Disjunction              Tloc           ######....   100%        8    #######
 Infestation              Necr           #.........   100%        8    #######
 Necromutation            Tmut/Necr      #.........   100%        8    #######


Dungeon Overview and Level Annotations

Branches:
Dungeon (15/15)            Temple (1/1) D:7            Lair (6/6) D:8
  Swamp (4/4) Lair:4       Spider (4/4) Lair:3        Slime (0/5) Lair:6
    Orc (2/2) D:11            Elf (2/3) Orc:2        Vaults (4/5) D:14
  Crypt (0/3) Vaults:2     Depths (5/5) D:15            Zot (5/5) Depths:5
 Bailey (visited)           IceCv (visited)          WizLab (visited)

Altars:
Ashenzari
Cheibriados
Dithmenos
Elyvilon
Fedhas
Gozag
Hepliaklqana
Kikubaaqudgha
Makhleb
Nemelex Xobeh
Okawaru
Qazlal
Ru
Sif Muna
Trog
Uskayaw
Vehumet
Wu Jian
Xom
Yredelemnul
Zin
The Shining One
Beogh
Jiyva

Shops:
D:5 ?   D:8 *   D:15 [   Orc:2 =(([   Elf:1 }   Elf:2 (   Vaults:2 =

Portals:
Hell: Depths:1 Depths:2 Depths:3 Depths:4 Depths:5
Abyss: Depths:4
Pandemonium: Depths:3
Ziggurat: Depths:1
Trove: Vaults:4 (give 8 potions of haste)

Annotations:
D:6 2 transporters, laxxamousse2's ghost, novice GrFi
Lair:2 exclusion: downstairs
Lair:6 4 runed translucent doors, DavidChitty2's ghost, journeyman MiSu
Elf:2 5 runed translucent doors, Asterion
Depths:3 exclusion: orange crystal statue
Zot:1 1 transporter


Innate Abilities, Weirdness & Mutations

You have hooves in place of feet.
Armour fits poorly on your strangely shaped body.
You cover ground very quickly.
You have extremely tough skin. (AC +3)
Your system is resistant to poisons. (rPois)
Your spells are a little harder to cast, but a little more powerful.


Message History

Here: a wandering mushroom (summoned)
The floor.
Okay, then.
You're too confused!
You feel yourself speed up.
You feel less confused.
The death cob hits you but does no damage. x2
The death cob hits you!!
* * * LOW HITPOINT WARNING * * *
The death cob drains your vigour!
You feel as though you will be slow longer.
The death cob closely misses you. The death cob hits you!!
* * * LOW HITPOINT WARNING * * *
The death cob drains your vigour!
You feel as though you will be slow longer.
The death cob hits you.
* * * LOW HITPOINT WARNING * * *
The wandering mushroom releases spores at you but does no damage.
The deathcap draws from the surrounding life force!
You die...

..$..........#
.............#
...^.........#
.^...........#
.............#
.....$f......+
......ffz....#
......z@z...(#
......fff....#
.....f...f.(.#
.......#+#####
.......
.......
.......
.......


You could see a curse toe, 2 death cobs, 4 deathcaps and 4 wandering mushrooms.

Vanquished Creatures
  Mara (Swamp:4)
  2 juggernauts
  Margery (Depths:2)
  A caustic shrike (Depths:4)
  Saint Roka (Depths:2)
  3 curse toes
  7 golden dragons
  A bone dragon (Depths:5)
  An electric golem (Zot:2)
  A Tzitzimitl (Depths:3)
  11 tentacled monstrosities
  A deep elf blademaster (Depths:2)
  4 quicksilver dragons
  Jorgrun (Swamp:3)
  3 liches
  2 sphinxes (Depths:4)
  2 tentacled starspawn (Abyss:3)
  4 death cobs
  Kirke (D:15)
  4 storm dragons
  4 draconian monks
  4 tengu reavers
  2 thorn hunters (Swamp:4)
  Donald (Spider:3)
  4 shadow dragons
  7 draconian knights
  8 fire giants
  4 ghost moths (Spider:3)
  5 orc warlords
  3 draconian scorchers (Zot:3)
  A balrug (Abyss:3)
  15 frost giants
  Aizul (Swamp:4)
  A deep elf sorcerer (Elf:1)
  4 draconian shifters
  2 draconian stormcallers
  3 vault wardens
  6 emperor scorpions
  A spriggan defender (Depths:4)
  7 ironheart preservers
  10 stone giants
  2 war gargoyles
  4 draconian annihilators
  7 green draconians
  6 very ugly things
  4 entropy weavers
  A deep elf annihilator (Depths:5)
  A lorocyproca (Abyss:3)
  6 black draconians
  3 vampire knights
  6 dire elephants
  Nessos (D:15)
  4 purple draconians
  A deep elf demonologist (Vaults:3)
  8 yellow draconians
  5 red draconians
  9 white draconians
  4 spark wasps
  4 eidola (Depths:3)
  12 fire dragons
  11 ettins
  A crystal guardian (Vaults:3)
  2 deep elf death magi
  A jiangshi (Vaults:2)
  4 great orbs of eyes
  20 yaktaur captains
  3 deep elf high priests
  4 rakshasas
  The ghost of Dyddoaw the Impaler, a journeyman MfSk of Wu Jian (D:12)
  5 ghost crabs
  4 shambling mangroves
  10 ice dragons
  Erolcha (D:9)
  18 hydras
  4 spriggan air magi
  14 ogre magi
  12 centaur warriors
  An anaconda (Lair:6)
  43 two-headed ogres
  4 death knights
  A two-headed ogre (shapeshifter) (Depths:1)
  An anaconda (shapeshifter) (Vaults:3)
  6 dancing weapons
  12 alligators
  9 deep troll shamans
  2 death yaks (IceCv)
  2 spriggan berserkers
  6 tengu warriors
  A vampire mage (Depths:5)
  3 orc high priests (Orc:2)
  14 deep troll earth magi
  11 deep elf knights
  4 wretched stars (Abyss:3)
  A soul eater (Depths:3)
  11 hell knights
  3 large abominations (Abyss:3)
  5 skeletal warriors
  6 shadow wraiths
  A salamander mystic (Depths:5)
  A fire crab (Lair:6)
  5 iron trolls
  20 deep trolls
  A spectral anaconda (Depths:3)
  An unseen horror (shapeshifter) (Swamp:2)
  2 unseen horrors
  8 glowing orange brains
  7 ironbrand convokers
  12 swamp dragons
  A spectral hydra (Depths:3)
  3 flayed ghosts
  4 spriggan druids
  8 wizards
  3 starcursed masses (Abyss:3)
  11 deep elf archers
  An orange crystal statue (Depths:3)
  7 necromancers
  22 orb spiders
  2 phantasmal warriors (Depths:3)
  3 lindwurms
  A fire giant zombie (Vaults:3)
  4 mana vipers (Depths:3)
  53 ugly things
  An iron dragon zombie (WizLab)
  4 oklob plants (Lair:1)
  41 deep elf magi
  8 cyclopes
  18 orc knights
  25 wolf spiders
  A shining eye (Abyss:3)
  6 orc sorcerers
  18 moths of wrath
  4 salamanders (Depths:5)
  A demonspawn zombie (WizLab)
  A frost giant zombie (WizLab)
  2 manticores
  2 black mambas
  4 elephants (Lair:6)
  An ice statue (IceCv)
  A black mamba (shapeshifter) (Vaults:3)
  12 spiny frogs
  A kobold demonologist (D:15)
  61 yaktaurs
  A torpor snail (Spider:1)
  3 rime drakes
  4 vault sentinels
  12 komodo dragons
  6 demonic crawlers
  An efreet (D:13)
  9 freezing wraiths
  A yaktaur zombie (Vaults:3)
  3 spectral merfolk (Depths:3)
  3 guardian mummies
  2 ice devils (D:12)
  6 meliai
  14 trolls
  24 jumping spiders
  17 polar bears
  4 tengu conjurers
  17 tyrant leeches
  A merfolk (D:15)
  A tengu simulacrum (Vaults:3)
  17 hornets
  3 raiju
  11 dream sheep
  5 bog bodies
  41 slime creatures
  2 meliai zombies
  A snapping turtle (shapeshifter) (Depths:3)
  8 hippogriffs
  5 spriggans
  8 shadows (Depths:3)
  6 wraiths
  A centaur simulacrum (D:15)
  2 vampires (Depths:3)
  33 redbacks
  7 basilisks
  9 water elementals
  23 tarantellas
  48 yaks
  2 wyverns (D:9)
  A wyvern (shapeshifter) (Vaults:1)
  A fire elemental (Elf:1)
  4 fire bats (Depths:5)
  6 hogs
  A steam dragon (D:11)
  A human (D:7)
  21 vampire mosquitoes
  3 hungry ghosts
  A golden eye (shapeshifter) (D:14)
  2 hogs (shapeshifter)
  4 insubstantial wisps
  13 wargs
  19 swamp worms
  4 hell hounds (Depths:3)
  A soldier ant (shapeshifter) (Vaults:2)
  An acid dragon (D:13)
  A hydra simulacrum (Depths:3)
  Duvessa (D:6)
  A floating eye (shapeshifter) (Depths:3)
  9 water moccasins
  8 porcupines
  2 floating eyes
  3 spectral spriggans (Depths:3)
  13 swamp drakes
  A black bear (D:7)
  6 sky beasts
  34 orc warriors
  7 ice beasts
  4 phantoms
  38 ogres
  2 necrophages
  43 wolves
  An eye of draining (D:11)
  9 boggarts
  A human skeleton (Vaults:3)
  A tengu (shapeshifter) (Elf:1)
  15 centaurs
  10 crocodiles
  A human zombie (Vaults:3)
  4 big kobolds
  2 gnoll sergeants
  An earth elemental (Elf:2)
  18 bullfrogs
  A wyvern zombie (D:14)
  2 merfolk simulacra (Depths:3)
  Dowan (D:6)
  3 small abominations (Abyss:3)
  4 scorpions
  4 spectral nagas (Depths:3)
  2 spectral ogres (Depths:3)
  10 killer bees
  3 howler monkeys
  8 wights
  9 electric eels
  2 spectral centaurs (Depths:3)
  6 crimson imps
  A lava snake (D:12)
  5 bullfrog zombies
  3 centaur zombies
  A jelly (shapeshifter) (Depths:5)
  A quasit (D:12)
  3 bullfrog skeletons
  16 orc priests
  5 hounds
  6 jellies
  27 orc wizards
  Crazy Yiuf (D:5)
  4 centaur skeletons
  Ijyb (D:5)
  3 iguanas
  11 worker ants
  A troll simulacrum (Depths:3)
  2 hound zombies
  A hound skeleton (D:9)
  10 adders
  17 gnolls
  4 shadow imps
  A white imp (Abyss:3)
  2 adder skeletons
  An adder zombie (D:6)
  5 worms
  5 dart slugs
  5 leopard geckos
  81 orcs
  4 giant cockroaches
  9 hobgoblins
  6 jackals (D:4)
  33 kobolds
  3 quokkas
  A ball python (D:5)
  9 bats
  4 frilled lizards
  A giant cockroach zombie (D:5)
  9 goblins
  A leopard gecko skeleton (D:6)
  2 quokka zombies (D:8)
  4 rats
  2 crawling corpses (Depths:4)
  A fire vortex (Depths:5)
  11 plants
  6 starspawn tentacles (Abyss:3)
1951 creatures vanquished.

Vanquished Creatures (collateral kills)
  2 deep elf knights (Vaults:3)
  5 orc knights
  A deep elf mage (Elf:1)
  A yaktaur (Depths:4)
  An orc warrior (Vaults:3)
  An orc (Vaults:3)
11 creatures vanquished.

Vanquished Creatures (others)
  A fire dragon (Vaults:4)
  A hydra (Lair:1)
  An unseen horror (shapeshifter) (Vaults:1)
  A deep elf mage (Elf:1)
  A moth of wrath (Zot:3)
  A swamp drake (Swamp:4)
  A wolf (IceCv)
  A shadow imp (D:15)
  9 fungi
  22 plants
  4 starspawn tentacles (Abyss:3)
43 creatures vanquished.

Grand Total: 2005 creatures vanquished

Notes
Turn   | Place    | Note
-------+----------+-------------------------------------------
     0 | D:1      | Inkhbe the Centaur Hunter began the quest for the Orb.
     0 | D:1      | Reached XP level 1. HP: 17/17 MP: 1/1
   348 | D:1      | Reached skill level 6 in Bows
   348 | D:1      | Reached XP level 2. HP: 24/24 MP: 2/2
   803 | D:1      | Reached XP level 3. HP: 26/29 MP: 3/3
  1030 | D:1      | Reached skill level 7 in Bows
  1622 | D:2      | Reached XP level 4. HP: 29/36 MP: 4/4
  1904 | D:2      | Reached skill level 8 in Bows
  2192 | D:3      | Reached XP level 5. HP: 25/41 MP: 5/5
  3608 | D:4      | Gained mutation: Your system is resistant to poisons.
                  | (rPois) [potion of mutation]
  3608 | D:4      | Gained mutation: Your spells are a little harder to cast,
                  | but a little more powerful. [potion of mutation]
  3624 | D:4      | Reached skill level 9 in Bows
  4134 | D:4      | Reached XP level 6. HP: 43/51 MP: 6/6
  4176 | D:4      | Found a hide-covered altar of Uskayaw.
  4576 | D:4      | Found a blossoming altar of Fedhas.
  4678 | D:5      | Entered Level 5 of the Dungeon
  4699 | D:5      | Noticed an ice beast
  4724 | D:5      | Reached skill level 10 in Bows
  4762 | D:4      | Reached XP level 7. HP: 41/58 MP: 7/7
  5233 | D:5      | Reached skill level 11 in Bows
  5582 | D:5      | Reached skill level 5 in Fighting
  5582 | D:5      | Reached XP level 8. HP: 68/68 MP: 8/8
  5718 | D:5      | Found a runed translucent door.
  5719 | D:5      | Noticed Crazy Yiuf
  5777 | D:5      | Found Lolatoxt's Magic Scroll Shoppe.
  5958 | D:5      | Noticed Ijyb
  5961 | D:5      | Killed Ijyb
  6037 | D:5      | Reached skill level 12 in Bows
  6323 | D:5      | Killed Crazy Yiuf
  6459 | D:6      | Noticed Dowan
  6461 | D:6      | Noticed Duvessa
  6808 | D:6      | Killed Duvessa
  6816 | D:6      | Killed Dowan
  6863 | D:6      | Reached skill level 13 in Bows
  7070 | D:6      | Found a transporter.
  7073 | D:6      | Noticed laxxamousse2's ghost (novice GrFi)
  7132 | D:6      | Found a transporter.
  7883 | D:7      | Reached XP level 9. HP: 67/75 MP: 9/9
  7897 | D:7      | Found a staircase to the Ecumenical Temple.
  7914 | Temple   | Entered the Ecumenical Temple
  8001 | Temple   | Became a worshipper of Warmaster Okawaru
  8108 | D:7      | Reached skill level 14 in Bows
  8125 | D:7      | Reached skill level 1 in Armour
  8670 | D:7      | Reached * piety under Okawaru
  9201 | D:7      | Reached skill level 5 in Armour
  9534 | D:7      | Reached skill level 1 in Invocations
  9548 | D:7      | Reached ** piety under Okawaru
  9548 | D:7      | Reached XP level 10. HP: 68/83 MP: 11/11
 11623 | D:8      | Found a staircase to the Lair.
 11666 | D:8      | Found Plog's Assorted Antiques.
 11758 | D:8      | Reached *** piety under Okawaru
 12173 | D:8      | Reached skill level 5 in Invocations
 13071 | D:9      | Noticed Erolcha
 13579 | D:9      | Reached **** piety under Okawaru
 13783 | D:9      | Received a gift from Okawaru
 13783 | D:9      | Reached XP level 11. HP: 89/89 MP: 15/15
 13833 | D:9      | Killed Erolcha
 13963 | D:10     | Entered Level 10 of the Dungeon
 15676 | D:11     | Found a shadowy altar of Dithmenos.
 15754 | D:11     | Received a gift from Okawaru
 15808 | D:11     | Noticed a two-headed ogre
 15834 | D:11     | Killed a two-headed ogre
 16396 | D:11     | Found a staircase to the Orcish Mines.
 16532 | D:11     | Noticed a purple ugly thing
 16551 | D:11     | Killed a purple ugly thing
 16551 | D:11     | Received a gift from Okawaru
 17093 | D:11     | Reached ***** piety under Okawaru
 17287 | Lair:1   | Entered Level 1 of the Lair of Beasts
 17301 | Lair:1   | Received a gift from Okawaru
 17599 | Lair:1   | Killed a four-headed hydra
 17868 | Lair:1   | Received a gift from Okawaru
 17900 | Lair:1   | Reached skill level 10 in Armour
 17911 | Lair:1   | Received a gift from Okawaru
 18127 | Lair:1   | Noticed an oklob plant
 18129 | Lair:1   | Noticed an oklob plant
 18129 | Lair:1   | Noticed an oklob plant
 18138 | Lair:1   | Killed an oklob plant
 18151 | Lair:1   | Reached XP level 12. HP: 64/96 MP: 17/17
 19764 | Lair:1   | Received a gift from Okawaru
 21266 | Lair:1   | Received a gift from Okawaru
 21471 | Lair:2   | Identified a scroll of acquirement
 22602 | Lair:2   | Got a scorched scale mail
 22612 | Lair:2   | Identified the +3 scale mail "Gujux" {rPois Str+3} (You
                  | found it on level 2 of the Lair of Beasts)
 23386 | Lair:2   | Received a gift from Okawaru
 23637 | Lair:1   | Reached skill level 15 in Bows
 23825 | Lair:3   | Found a hole to the Spider Nest.
 24358 | Lair:3   | Reached skill level 16 in Bows
 24364 | Lair:3   | Received a gift from Okawaru
 24729 | Lair:4   | Found a staircase to the Swamp.
 25138 | Lair:4   | HP: 4/96 [poisoned by a black mamba]
 25145 | Lair:4   | HP: 3/96 [poisoned by a black mamba]
 25152 | Lair:4   | HP: 3/96 [poisoned by a black mamba]
 25160 | Lair:4   | HP: 3/96 [poisoned by a black mamba]
 25858 | Lair:5   | Received a gift from Okawaru
 25864 | Lair:5   | Reached XP level 13. HP: 88/102 MP: 18/18
 26226 | Lair:5   | Upgraded the game from 0.24.0-124-g2791043dd8 to
                  | 0.24.0-125-gc4c63601f3
 26348 | Lair:5   | Reached skill level 17 in Bows
 26365 | Lair:5   | Received a gift from Okawaru
 27147 | Lair:6   | Entered Level 6 of the Lair of Beasts
 27229 | Lair:6   | Found a runed translucent door.
 27230 | Lair:6   | Found a viscous altar of Jiyva.
 27231 | Lair:6   | Noticed an acid blob
 27670 | Lair:5   | Reached skill level 18 in Bows
 28129 | Lair:6   | Found a staircase to the Slime Pits.
 28129 | Lair:6   | Noticed an acid blob
 28240 | Lair:6   | Found a runed translucent gate.
 28241 | Lair:6   | Found a runed translucent gate.
 28242 | Lair:6   | Found a runed translucent gate.
 28534 | Lair:6   | Noticed DavidChitty2's ghost (journeyman MiSu)
 28572 | Lair:6   | Received a gift from Okawaru
 29004 | Lair:6   | Noticed a dire elephant
 29013 | Lair:6   | Noticed a dire elephant
 29014 | Lair:6   | Noticed a dire elephant
 29032 | Lair:6   | Noticed a dire elephant
 29087 | Lair:6   | Killed a dire elephant
 29131 | Lair:6   | Killed a dire elephant
 29131 | Lair:6   | Reached skill level 19 in Bows
 29162 | Lair:6   | Killed a dire elephant
 29162 | Lair:6   | Reached ****** piety under Okawaru
 29322 | Lair:6   | Noticed a dire elephant
 29322 | Lair:6   | Noticed a dire elephant
 29451 | Lair:6   | Killed a dire elephant
 29451 | Lair:6   | Received a gift from Okawaru
 29519 | Lair:6   | Killed a dire elephant
 29660 | Lair:6   | Received a gift from Okawaru
 30042 | Lair:6   | Got a flickering zirconium amulet
 30052 | Lair:6   | Identified the amulet "Iphux" {+Rage rElec Dex+2} (You
                  | found it on level 6 of the Lair of Beasts)
 30410 | Orc:1    | Entered Level 1 of the Orcish Mines
 30498 | Orc:1    | Noticed an orc warlord
 30539 | Orc:1    | Killed an orc warlord
 30539 | Orc:1    | Received a gift from Okawaru
 30539 | Orc:1    | Reached skill level 20 in Bows
 30754 | Orc:1    | Found a burning altar of Makhleb.
 30879 | Orc:2    | Entered Level 2 of the Orcish Mines
 31195 | Orc:2    | Found a staircase to the Elven Halls.
 31346 | Orc:2    | Reached XP level 14. HP: 63/113 MP: 15/19
 32300 | Orc:2    | Received a gift from Okawaru
 32402 | Orc:2    | Found Heliroest's Jewellery Shoppe.
 32402 | Orc:2    | Found Ujougg's Weapon Boutique.
 32408 | Orc:2    | Found Gudotu's Antique Weapon Shoppe.
 32408 | Orc:2    | Found Teapliky's Armour Boutique.
 32661 | Orc:2    | Found a roughly hewn altar of Beogh.
 32865 | Orc:2    | Bought the ring "Taciot" {EV+4 Int+10 Stlth-} for 813 gold
                  | pieces
 32919 | Orc:2    | Bought the +9 plate armour of Gluttony {Str+4} for 1000
                  | gold pieces
 33185 | Swamp:1  | Entered Level 1 of the Swamp
 33347 | Swamp:1  | Got a sparkling glass ring
 33349 | Swamp:1  | Identified the ring "Teoshruge" {Str+3 Slay+2} (You
                  | acquired it on level 1 of the Swamp)
 33672 | Swamp:1  | Reached skill level 10 in Fighting
 33770 | Swamp:1  | Reached skill level 1 in Evocations
 35012 | Swamp:2  | Received a gift from Okawaru
 35828 | Swamp:2  | Reached skill level 5 in Dodging
 37271 | Swamp:2  | Reached XP level 15. HP: 109/130 MP: 20/20
 38081 | Swamp:3  | Noticed Jorgrun
 38101 | Swamp:3  | Killed Jorgrun
 39449 | Swamp:4  | Entered Level 4 of the Swamp
 39900 | Swamp:4  | Received a gift from Okawaru
 39975 | Swamp:4  | Received a gift from Okawaru
 39975 | Swamp:4  | Reached skill level 5 in Evocations
 40341 | Swamp:4  | Noticed a thorn hunter
 40355 | Swamp:4  | Killed a thorn hunter
 41233 | Swamp:4  | Noticed a thorn hunter
 41253 | Swamp:4  | Killed a thorn hunter
 41253 | Swamp:4  | Received a gift from Okawaru
 41521 | Swamp:4  | Noticed Mara
 41531 | Swamp:4  | Killed Mara
 41531 | Swamp:4  | Reached XP level 16. HP: 105/146 MP: 13/21
 41724 | Swamp:4  | Got a decaying rune of Zot
 41731 | Swamp:4  | Got a pair of encrusted gloves
 41741 | Swamp:4  | Identified the +2 pair of gloves of Lioceap {Str+6 Int+4}
                  | (You found it on level 4 of the Swamp)
 41864 | Swamp:4  | Noticed Aizul
 41886 | Swamp:4  | Killed Aizul
 42278 | Spider:1 | Entered Level 1 of the Spider Nest
 42501 | D:12     | Found a large runed translucent door.
 42502 | D:12     | Found a large runed translucent door.
 42503 | D:12     | Noticed Dyddoaw's ghost (journeyman MfSk)
 42608 | D:12     | Reached skill level 1 in Long Blades
 42874 | D:12     | Found a frozen archway.
 42897 | IceCv    | Entered an ice cave
 43009 | IceCv    | Got a scorched broad axe
 43009 | IceCv    | Identified the +7 broad axe "Iggokk" {venom, rF+} (You
                  | found it in an ice cave)
 43206 | IceCv    | Received a gift from Okawaru
 44251 | D:12     | Killed Dyddoaw's ghost
 45318 | D:13     | Received a gift from Okawaru
 45680 | D:14     | Found a flagged portal.
 45681 | D:14     | Found the cursed +14 obsidian axe {chop, +Fly SInv *Curse}
 45695 | Bailey   | Entered a bailey
 45791 | Bailey   | Found a runed translucent gate.
 45793 | Bailey   | Found a runed translucent gate.
 45795 | Bailey   | Found a runed translucent gate.
 45913 | Bailey   | Learned a level 3 spell: Portal Projectile
 46193 | D:14     | Reached skill level 1 in Hexes
 46280 | D:14     | Reached skill level 1 in Translocations
 46283 | D:14     | Found a gate to the Vaults.
 46288 | D:14     | Reached skill level 5 in Long Blades
 46292 | D:14     | Reached skill level 1 in Spellcasting
 46650 | D:15     | Entered Level 15 of the Dungeon
 46650 | D:15     | Noticed Nessos
 46655 | D:15     | Killed Nessos
 46887 | D:15     | Reached skill level 15 in Fighting
 47155 | D:15     | Noticed Kirke
 47190 | D:15     | Noticed a sphinx
 47254 | D:15     | Killed Kirke
 47572 | D:15     | Found Ywosurieg's Armour Shoppe.
 47645 | D:15     | Found a staircase to the Depths.
 47909 | D:15     | Got a brightly glowing great sword
 47909 | D:15     | Identified the +10 great sword of Zegraih {freeze, MR+}
                  | (You found it on level 15 of the Dungeon)
 47914 | D:15     | Reached XP level 17. HP: 156/156 MP: 23/23
 48504 | Lair:3   | Reached XP level 18. HP: 159/163 MP: 24/24
 49992 | Spider:3 | Received a gift from Okawaru
 49998 | Spider:3 | Got an ichor-stained plate armour {god gift}
 50008 | Spider:3 | Identified the +4 plate armour of Oblivion {Dex+2} (Okawaru
                  | gifted it to you on level 3 of the Spider Nest)
 50077 | Spider:3 | Reached skill level 5 in Translocations
 50082 | Spider:3 | Reached skill level 5 in Hexes
 51374 | Spider:3 | Noticed Donald
 51391 | Spider:3 | Killed Donald
 51743 | Spider:3 | Got a dazzling crystal plate armour
 51753 | Spider:3 | Identified the +7 crystal plate armour of Intercession
                  | {Str+2} (You acquired it on level 3 of the Spider Nest)
 51792 | Spider:4 | Entered Level 4 of the Spider Nest
 53054 | Spider:3 | Received a gift from Okawaru
 54042 | Spider:4 | Got a gossamer rune of Zot
 54595 | Vaults:1 | Entered Level 1 of the Vaults
 55120 | Vaults:1 | Received a gift from Okawaru
 55314 | Vaults:1 | You are sucked into a shaft and drop 1 floor!
 55345 | Vaults:1 | Reached XP level 19. HP: 167/170 MP: 21/25
 55580 | Vaults:1 | Paralysed by a wizard for 5 turns
 55586 | Vaults:1 | Received a gift from Okawaru
 56128 | Vaults:1 | Reached skill level 10 in Hexes
 56128 | Vaults:1 | Reached skill level 10 in Translocations
 56356 | Vaults:1 | Received a gift from Okawaru
 56815 | Vaults:2 | Found Risoahicru's Jewellery Shoppe.
 56830 | Vaults:2 | Received a gift from Okawaru
 56862 | Vaults:2 | Reached skill level 21 in Bows
 57251 | Vaults:2 | Received a gift from Okawaru
 57254 | Vaults:2 | Got a fine triple sword {god gift}
 57254 | Vaults:2 | Identified the +6 triple sword of Dissolution {slice, rElec
                  | MR- Int+6} (Okawaru gifted it to you on level 2 of the
                  | Vaults)
 57454 | Vaults:2 | Paralysed by an ogre mage for 3 turns
 57478 | Vaults:2 | Reached skill level 22 in Bows
 57789 | Vaults:2 | You are sucked into a shaft and drop 2 floors!
 58299 | Vaults:4 | Received a gift from Okawaru
 58629 | Vaults:3 | Reached skill level 23 in Bows
 58788 | Vaults:3 | Paralysed by an ogre mage for 7 turns
 58812 | Vaults:3 | Found a flickering gateway to a bazaar.
 58824 | Bazaar   | Entered a bazaar
 58824 | Bazaar   | Found Fupn's Distillery.
 58843 | Bazaar   | Found Yklog's General Store.
 58850 | Bazaar   | Found Jitir's Gadget Boutique.
 58872 | Bazaar   | Found Wafoicvy's Antique Weapon Shop.
 58880 | Bazaar   | Found Heonas's Antique Armour Shop.
 58894 | Bazaar   | Bought a distressingly furry helmet for 247 gold pieces
 58904 | Bazaar   | Identified the cursed +0 helmet "Hafetat" {Slay+3} (You
                  | bought it in a shop in a bazaar)
 58923 | Bazaar   | Bought a potion of resistance for 120 gold pieces
 58923 | Bazaar   | Bought a potion of might for 48 gold pieces
 58923 | Bazaar   | Bought a potion of haste for 120 gold pieces
 58923 | Bazaar   | Bought a potion of cancellation for 96 gold pieces
 58923 | Bazaar   | Bought a potion of agility for 48 gold pieces
 59042 | Vaults:3 | Reached XP level 20. HP: 178/178 MP: 26/26
 59047 | Vaults:3 | Cast into level 3 of the Abyss (a deep elf demonologist)
 59090 | Abyss:3  | Received a gift from Okawaru
 59257 | Abyss:3  | Got an abyssal rune of Zot
 59276 | Vaults:3 | Escaped the Abyss
 59317 | Vaults:3 | Reached skill level 24 in Bows
 59317 | Vaults:3 | Reached XP level 21. HP: 165/184 MP: 27/27
 59396 | Vaults:3 | Identified the ring "Ukkioh" {rElec rF+ MP+9 Int+2}
 59422 | Vaults:3 | Got a sparkling glass ring
 59424 | Vaults:3 | Identified the ring of Xom's Sleight of Hands {Str+5
                  | Stlth-} (You found it on level 3 of the Vaults)
 59844 | Vaults:3 | Received a gift from Okawaru
 60086 | Vaults:3 | Reached skill level 25 in Bows
 60641 | Vaults:3 | Cast into level 3 of the Abyss (a deep elf demonologist)
 60680 | Abyss:3  | Found a corrupted altar of Lugonu.
 60790 | Vaults:3 | Escaped the Abyss
 61201 | Vaults:2 | Found a staircase to the Crypt.
 62406 | Vaults:4 | Received a gift from Okawaru
 63019 | Vaults:4 | Received a gift from Okawaru
 63069 | Vaults:4 | Got a pitted longbow {god gift}
 63069 | Vaults:4 | Identified the +10 longbow of Nulup {flame, rPois} (Okawaru
                  | gifted it to you on level 4 of the Vaults)
 63618 | Vaults:4 | Found a portal to a secret trove of treasure.
 64583 | Orc:2    | Bought the +2 chain mail "Dukeotte" {*Drain rF- rN+++
                  | Regen+} for 358 gold pieces
 64736 | Depths:1 | Entered Level 1 of the Depths
 64862 | Depths:1 | Reached skill level 10 in Evocations
 65105 | Depths:1 | Reached XP level 22. HP: 180/192 MP: 29/29
 65510 | Depths:1 | Found a gateway to a ziggurat.
 65663 | Depths:1 | Found a gateway to Hell.
 65816 | Depths:1 | Reached skill level 10 in Long Blades
 65820 | Depths:1 | Received a gift from Okawaru
 66869 | Depths:2 | Received a gift from Okawaru
 66990 | Depths:2 | Noticed Margery
 66994 | Depths:2 | Received a gift from Okawaru
 67013 | Depths:2 | Killed Margery
 67073 | Depths:2 | Got a twisted plate armour {god gift}
 67083 | Depths:2 | Identified the +10 plate armour of Peek-a-Boo {Int+4}
                  | (Okawaru gifted it to you on level 2 of the Depths)
 67338 | Depths:2 | Found a shattered altar of Ashenzari.
 67435 | Depths:2 | Noticed Saint Roka
 67463 | Depths:2 | Killed Saint Roka
 67997 | Depths:2 | Reached skill level 10 in Dodging
 68512 | Depths:2 | Found an iron altar of Okawaru.
 69008 | Elf:1    | Entered Level 1 of the Elven Halls
 69289 | Elf:1    | Found a magical portal.
 69674 | Elf:1    | Found Boc Nos's Gadget Boutique.
 69810 | Elf:1    | Received a gift from Okawaru
 70720 | Elf:1    | Reached skill level 26 in Bows
 71308 | Elf:2    | Found a huge runed translucent gate.
 71308 | Elf:2    | Found a huge runed translucent gate.
 71308 | Elf:2    | Found a huge runed translucent gate.
 71308 | Elf:2    | Found a huge runed translucent gate.
 71308 | Elf:2    | Found a huge runed translucent gate.
 71350 | Elf:2    | Found Maxkai's Weapon Shoppe.
 71396 | Elf:2    | Reached XP level 23. HP: 146/198 MP: 26/32
 71637 | Elf:2    | Noticed Asterion
 72244 | Depths:3 | Received a gift from Okawaru
 72729 | Depths:3 | Reached skill level 27 in Bows
 73583 | Depths:3 | Got a fine leather armour
 73593 | Depths:3 | Identified the +1 leather armour "Pooss" {+Inv rF- Regen+
                  | Stlth+} (You found it on level 3 of the Depths)
 73891 | Depths:3 | Received a gift from Okawaru
 74268 | Depths:3 | Found a one-way gate leading to the halls of Pandemonium.
 74885 | Depths:4 | Paralysed by a sphinx for 2 turns
 75756 | Depths:4 | Received a gift from Okawaru
 75774 | Depths:4 | Paralysed by a floating eye for 2 turns
 76949 | Depths:4 | Found a one-way gate to the infinite horrors of the Abyss.
 77203 | Depths:4 | Noticed a caustic shrike
 77223 | Depths:4 | Killed a caustic shrike
 77649 | Depths:4 | Noticed a juggernaut
 77675 | Depths:4 | Killed a juggernaut
 77840 | Depths:4 | Got a crude centaur barding {god gift}
 77850 | Depths:4 | Identified the +1 centaur barding "Siuv" {MP+9} (Okawaru
                  | gifted it to you on level 4 of the Depths)
 77941 | Depths:5 | Entered Level 5 of the Depths
 78121 | Depths:5 | Reached XP level 24. HP: 214/218 MP: 32/32
 78274 | Depths:5 | Received a gift from Okawaru
 78354 | Depths:5 | Noticed a juggernaut
 78370 | Depths:5 | Killed a juggernaut
 78688 | Depths:5 | Received a gift from Okawaru
 79175 | Depths:5 | Found a gate to the Realm of Zot.
 79654 | Zot:1    | Entered Level 1 of the Realm of Zot
 79683 | Zot:1    | Received a gift from Okawaru
 79684 | Zot:1    | Found the +3 hat of Pondering {ponderous, MR+ MP+10 Int+5}
 80799 | Zot:1    | Noticed an orb of fire
 80801 | Zot:1    | Noticed an orb of fire
 81187 | Zot:1    | Noticed an ancient lich
 81189 | Zot:1    | Found a shimmering blue altar of Sif Muna.
 81199 | Zot:1    | Found a transporter.
 81640 | Zot:2    | Received a gift from Okawaru
 81815 | Zot:2    | Reached XP level 25. HP: 198/236 MP: 32/32
 81953 | Zot:2    | Received a gift from Okawaru
 82518 | Zot:2    | Received a gift from Okawaru
 82995 | Zot:3    | You are sucked into a shaft and drop 1 floor!
 83666 | Zot:3    | Received a gift from Okawaru
 84716 | Zot:5    | Entered Level 5 of the Realm of Zot
 84728 | Zot:5    | HP: 5/242 [death cob (19)]
 84728 | Zot:5    | HP: 2/242 [death cob (3)]
 84728 | Zot:5    | Killed from afar by a deathcap

Levels and vault maps discovered:
D:1:      minmay_arrival_semitransparent, layout_basic, st_stairs_3
D:2:      layout_rooms, first_ration, hangedman_abyss_or_decor_lesser_grid
D:3:      layout_loops_cross
D:4:      layout_basic, eat_drink_and_be_merry_uskayaw, fedhas_altar_4
D:5:      layout_loops_cross, serial_shops, shop, minmay_misc_feat_encased,
          uniq_ijyb, uniq_crazy_yiuf_cottage
D:6:      layout_basic, serial_rivers, chequers_serial_rivers_micro_a,
          chequers_serial_rivers_small_3, chequers_serial_rivers_micro_d,
          chequers_serial_rivers_micro_c, chequers_serial_rivers_large_b,
          chequers_serial_rivers_micro_a, gammafunk_ghost_mausoleum,
          uniq_duvessa
D:7:      layout_basic, minmay_temple_entry_slanted, hangedman_decor_push,
          grunt_livestock
D:8:      layout_cave_pods, minmay_lair_entry_grove, serial_shops,
          nicolae_shop_overgrown_old_shop
D:9:      layout_basic, uniq_erolcha
D:10:     layout_roguey, serial_undead, serial_undead_c, serial_undead_c,
          serial_undead_a, serial_undead_a
D:11:     layout_long_grid, hiddenorc1_lemuel, nicolae_dithmenos_the_darkroom
D:12:     layout_cave_pools, ebering_ghost_disaster_area,
          portal_ice_cave_demonic_guard, kennysheep_generic_room_16
D:13:     layout_basic, minivault_4
D:14:     layout_small_grid, david_vaults_1, enter_bailey_2,
          minmay_tree_intersection
D:15:     hangedman_depths_entry_try_elsewhere_first, layout_long_grid,
          hangedman_abyss_or_decor_stabs, serial_shops, nicolae_shop_stone,
          uniq_kirke, uniq_nessos
Temple:   grunt_wide_crystal_templ
Lair:1:   layout_loops_ring, lemuel_old_faithful, serial_bayou_shore_a,
          grunt_megastairs_1, minmay_lair_oklob_chamber
Lair:2:   beast_lair_carwin_large_2, layout_hall_layers
Lair:3:   layout_long_grid, dummy_spider_entry
Lair:4:   layout_long_grid, minmay_swamp_entry_worms, infiniplex_staircase_pool
Lair:5:   layout_roguey, minmay_holes, serial_bayou_pond_c,
          serial_bayou_shore_b, serial_bayou_shore_b
Lair:6:   due_jungle_book, layout_cave_pods, slime_altar_2, gammafunk_ghost_icy
Swamp:1:  layout_falls_marsh, evilmike_swamp_ruin_rubble_1
Swamp:2:  layout_basic_swamp, nicolae_swamp_treefoil
Swamp:3:  layout_basic_swamp, evilmike_swamp_ruin_rubble_2, uniq_jorgrun
Swamp:4:  swamp_alternative, layout_basic_swamp, uniq_aizul, uniq_mara
Spider:1: layout_spider_delve
Spider:2: layout_spider_delve
Spider:3: layout_chambers, nicolae_orb_island, uniq_donald
Spider:4: grunt_spider_rune_island
Orc:1:    layout_caves, bloody_makhleb
Orc:2:    grunt_orc_tribal_feast, layout_diamond_mine, basic_altar
Elf:1:    eino_elf_arrival_customs, layout_geoelf_octagon,
          infiniplex_enter_wizlab_water, serial_shops, shop, serial_sigils,
          serial_sigils_hangedman_gnaw, serial_sigils_hangedman_clutch,
          serial_sigils_hangedman_etch, serial_sigils_hangedman_snap,
          kennysheep_underground_church
Elf:2:    layout_gridlike, serial_shops, nicolae_shop_crystal,
          palyth_stone_intersect, lemuel_elevator, uniq_asterion
Vaults:1: v_pattern_5, v_rooms_5, v_misc_11, vaults_mumra_hex,
          nicolae_vaults_asterisk, nicolae_vaults_windows_and_doors_thing,
          grunt_vaults_hallway_long, vaults_mumra_chevron_long,
          ontoclasm_vaults_tryst, ontoclasm_vaults_ligature, vaults_room_pool,
          layout_vaults_big_room
Vaults:2: minmay_crypt_entry_simple_walls, dpeg_vaults_monster_box, v_misc_25,
          vaults_room_grid, grunt_vaults_twisty,
          nicolae_vaults_branching_niches, v_alt_pattern_4, vaults_dpeg_ring,
          nicolae_vaults_inception_corners, nicolae_vaults_diagonal_hallway_7,
          v_misc_28, v_misc_22, ontoclasm_vaults_misaligned, v_misc_32,
          nicolae_vaults_yaktaur_gun_rack, nicolae_vaults_asterisk,
          nicolae_vaults_specimen_jars, layout_vaults_omnibox, serial_shops,
          nicolae_shop_trees
Vaults:3: vaults_room_door_hall, vaults_standard_mumra_lines,
          nicolae_vaults_network_quincunx
          [nicolae_vaults_network_quincunx_subvault,
          nicolae_vaults_network_quincunx_subvault,
          nicolae_vaults_network_quincunx_subvault,
          nicolae_vaults_network_quincunx_subvault,
          nicolae_vaults_network_quincunx_subvault],
          nicolae_vaults_three_branches, v_misc_28,
          nicolae_vaults_ring_of_whatevers, v_misc_18,
          nicolae_vaults_little_squares_6, hangedman_vaults_corner_blocks,
          vaults_room_stairs_pillars, ontoclasm_vaults_bender,
          layout_vaults_big_cross, serial_shops, bzr_entry_islet
Vaults:4: vaults_dpeg_encased_lava, v_alt_pattern_2, v_misc_13,
          vaults_room_pool, v_misc_33, nicolae_vaults_network_quinsquares
          [nicolae_vaults_network_quincunx_subvault,
          nicolae_vaults_network_quincunx_subvault,
          nicolae_vaults_network_quincunx_subvault,
          nicolae_vaults_network_quincunx_subvault], v_alt_pattern_2,
          nicolae_vaults_quartermaster, nicolae_vaults_triangles, v_misc_29,
          nicolae_vaults_ring_of_whatevers, vaults_room_stairs_pillars,
          ontoclasm_vaults_gateway, nicolae_vaults_theta,
          layout_vaults_maze_snakey, nicolae_trove_entry_path_of_doom
Depths:1: layout_honeycomb, enter_ziggurat_d, chequers_serial_rivers_small_a,
          hell_entry, kennysheep_generic_room_10, grunt_megastairs_4
Depths:2: evilmike_iron_armoury, layout_long_grid, grunt_metal_band,
          evilmike_ruin_ashenzari, infiniplex_staircase_zigzag_2,
          uniq_saint_roka
Depths:3: lemuel_river_lethe, pan_entry, hell_entry
Depths:4: thingy_vault, layout_basic, pf_coc_iceberg,
          hangedman_abyss_entry_splay, serial_glass, glass_columns_b,
          glass_columns_c, glass_columns_a, glass_columns_a,
          serial_bayou_shore_b, infiniplex_staircase_zigzag_1
Depths:5: grunt_zot_entry_hairpin, layout_basic, grunt_decor_cap,
          pf_hell_entry_tar_spiral
Zot:1:    gammafunk_sealed_library, layout_basic, zot_minivault_4
Zot:2:    nicolae_zot_stationary_front, layout_twisted_circle
Zot:3:    layout_gridville
Zot:4:    layout_onion_interference
Zot:5:    layout_gridlike

Skill      XL: |  1  2  3  4  5  6  7  8  9 10 11 12 13 14 15 16 17 18 19 20 21 22 23 24 25 |
---------------+----------------------------------------------------------------------------+-----
Bows           | 6 7 8 9 10 11 13 14 16 20 23 24 25 26 27 | 27.0
Fighting       | 3 5 6 7 11 14 15 18 21 23 | 23.5
Armour         | 5 7 10 11 12 | 12.0
Invocations    | 2 6 7 |  7.3
Dodging        | 2 4 5 6 7 10 | 10.0
Evocations     | 3 7 8 10 12 | 12.0
Long Blades    | 7 9 10 | 10.0
Hexes          | 2 3 9 10 | 10.0
Translocations | 2 3 9 10 | 10.0
Spellcasting   | 2 |  2.0
Stealth        | |  0.4

Action                   |  1- 3 |  4- 6 |  7- 9 | 10-12 | 13-15 | 16-18 | 19-21 | 22-24 | 25-27 || total
-------------------------+-------+-------+-------+-------+-------+-------+-------+-------+-------++-------
Melee: Short sword       |   126 |    65 |       |       |       |       |       |       |       ||   191
       Kick              |    17 |    28 |    59 |    94 |    65 |   313 |   273 |    49 |       ||   898
       Battleaxe         |       |    27 |       |       |       |       |       |       |       ||    27
       Trident           |       |    57 |   232 |   121 |       |       |       |       |       ||   410
       Quarterstaff      |       |       |       |   179 |   139 |       |       |       |       ||   318
       Demon blade       |       |       |       |       |       |   571 |   422 |    69 |       ||  1062
       Broad axe         |       |       |       |       |       |    39 |       |       |       ||    39
       Unarmed           |       |       |       |       |       |     1 |       |       |       ||     1
       Great sword       |       |       |       |       |       |    37 |    48 |    37 |       ||   122
 Fire: Shortbow          |     8 |    69 |   164 |   680 |       |       |       |       |       ||   921
       Longbow           |       |       |       |   265 |  1588 |   537 |   681 |  1769 |   279 ||  5119
 Cast: Portal Projectile |       |       |       |       |       |       |       |     2 |     1 ||     3
Invok: Heroism           |       |       |       |     4 |     2 |     1 |     2 |       |       ||     9
       Finesse           |       |       |       |     1 |     9 |     3 |     5 |     5 |       ||    23
Evoke: Wand              |       |       |     1 |    16 |     3 |       |       |       |       ||    20
       Phial of floods   |       |       |       |       |       |     1 |       |     3 |       ||     4
  Use: Scroll            |       |     7 |     2 |    12 |    10 |    10 |     7 |     6 |       ||    54
       Potion            |       |     3 |     2 |     1 |     2 |     2 |     1 |     4 |     1 ||    16
 Stab: Confused          |       |       |       |     2 |       |       |       |       |       ||     2
       Paralysed         |       |       |       |     1 |       |       |       |       |       ||     1
       Distracted        |       |       |       |       |       |       |     1 |       |       ||     1
  Eat: Chunk             |     2 |     4 |    14 |    29 |    25 |    17 |     5 |    24 |     7 ||   127
       Ration            |       |     1 |       |     3 |     5 |     8 |     4 |     5 |       ||    26
Armor: Leather armour    |    77 |    10 |       |       |       |       |       |       |       ||    87
       Ring mail         |       |    55 |    30 |    97 |       |       |       |       |       ||   182
       Scale mail        |       |       |    72 |   102 |    90 |       |       |       |       ||   264
       Skin              |       |       |    61 |       |       |       |       |       |       ||    61
       Plate armour      |       |       |       |       |   347 |  1022 |   421 |   414 |   109 ||  2313
Dodge: Dodged            |    87 |    89 |   113 |   319 |   406 |   803 |   274 |   272 |   128 ||  2491
       Rpst.: Demon blade |       |       |       |       |       |   116 |    42 |     3 |       ||   161
       Great sword       |       |       |       |       |       |     9 |     5 |    12 |       ||    26
